[ AOE2 MATCH · #507180269 ]
UnrankedVikings vs Cumans
Player's team · WIN
Rival team · LOSS
[ REPLAY ANALYSIS · EXTRACTED FROM THE RECORDED GAME ]
Feudal
8:59
Castle
32:55
Imperial
—
| APM avg | 84.6 |
| APM peak | 145 |
| eAPM avg | 36.4 |
| Villagers / military | 57 / 33 |
Focus
⚔️ 63.6% · 🌾 36.4%
Archer ×16 · Skirmisher ×14 · Militia ×3
Feudal
9:17
Castle
—
Imperial
—
| APM avg | 67.3 |
| APM peak | 102 |
| eAPM avg | 25.0 |
| Villagers / military | 69 / 25 |
Focus
⚔️ 32.6% · 🌾 67.4%
Archer ×19 · Skirmisher ×6
Match map
Initial resources + every placement click. Lines = walls · curves = elevation contours. ◆ gold · ⬟ stone · ● berries · ✦ relic · ◌ wall gap
Your base· ✓ Closed at 32:55 · 30t walls · 1 gate(s)
NHN Forever's base· Open — opponent sealed themselves in
Smoothed initial terrain · ◌ = detected wall gap · hover for details
Inputs per minute
— __Chino - - NHN Forever
Build order — __Chino
First 150 of 195 actions detected
| 0:00 | Queue | Villager (Male) |
| 0:00 | Queue | Villager (Male) |
| 0:01 | Queue | Villager (Male) |
| 0:01 | Build | House |
| 0:02 | Build | House |
| 0:07 | Queue | Villager (Male) |
| 1:23 | Queue | Villager (Male) |
| 1:56 | Build | Lumber Camp |
| 2:02 | Queue | Villager (Male) |
| 2:15 | Queue | Villager (Male) |
| 2:49 | Queue | Villager (Male) |
| 3:09 | Queue | Villager (Male) |
| 3:36 | Queue | Villager (Male) |
| 3:55 | Build | House |
| 3:58 | Build | House |
| 4:05 | Queue | Villager (Male) |
| 4:34 | Queue | Villager (Male) |
| 4:41 | Queue | Villager (Male) |
| 4:43 | Build | Palisade Wall |
| 5:07 | Queue | Villager (Male) |
| 5:17 | Queue | Villager (Male) |
| 5:30 | Build | Barracks |
| 5:52 | Research | Loom |
| 6:25 | Build | House |
| 6:38 | Build | Palisade Wall |
| 6:41 | Build | Palisade Wall |
| 6:49 | Research | Feudal Age |
| 6:49 | Research | Feudal Age |
| 7:02 | Queue | Villager (Male) |
| 7:30 | Queue | Militia |
| 7:30 | Queue | Militia |
| 7:41 | Build | Mining Camp |
| 7:52 | Queue | Militia |
| 8:59 | Age | Feudal Age |
| 9:00 | Build | Watch Tower |
| 9:17 | Queue | Villager (Male) |
| 9:21 | Research | Man-at-Arms (upgrade) |
| 9:29 | Build | Watch Tower |
| 9:39 | Build | Watch Tower |
| 9:42 | Queue | Villager (Male) |
| 9:45 | Build | Mining Camp |
| 9:54 | Build | Watch Tower |
| 10:55 | Queue | Villager (Male) |
| 11:45 | Build | Outpost |
| 11:49 | Build | Mill |
| 12:32 | Build | Watch Tower |
| 12:40 | Build | Farm |
| 12:55 | Build | Watch Tower |
| 13:10 | Build | Archery Range |
| 13:20 | Build | Archery Range |
| 13:23 | Build | Blacksmith |
| 13:24 | Queue | Villager (Male) |
| 13:33 | Build | Palisade Wall |
| 13:33 | Build | Palisade Wall |
| 13:33 | Build | Palisade Wall |
| 13:54 | Build | Farm |
| 14:00 | Queue | Archer |
| 14:09 | Queue | Villager (Male) |
| 14:16 | Queue | Archer |
| 14:37 | Build | Palisade Wall |
| 14:45 | Queue | Villager (Male) |
| 14:52 | Build | Watch Tower |
| 15:10 | Queue | Villager (Male) |
| 15:12 | Build | Farm |
| 15:22 | Queue | Archer |
| 15:38 | Build | Watch Tower |
| 15:45 | Build | House |
| 16:04 | Queue | Villager (Male) |
| 16:42 | Build | Palisade Wall |
| 16:42 | Build | Palisade Wall |
| 16:43 | Build | Palisade Wall |
| 16:43 | Build | Palisade Wall |
| 16:44 | Build | Palisade Wall |
| 16:45 | Build | Mining Camp |
| 16:49 | Build | Outpost |
| 16:50 | Queue | Archer |
| 16:52 | Queue | Villager (Male) |
| 16:52 | Queue | Villager (Male) |
| 17:18 | Build | Farm |
| 17:20 | Queue | Villager (Male) |
| 17:25 | Build | Farm |
| 17:51 | Queue | Villager (Male) |
| 17:53 | Build | Farm |
| 18:10 | Build | Outpost |
| 18:15 | Queue | Villager (Male) |
| 18:23 | Build | Farm |
| 18:35 | Build | Outpost |
| 18:36 | Queue | Villager (Male) |
| 18:57 | Queue | Villager (Male) |
| 18:58 | Queue | Archer |
| 19:19 | Build | Farm |
| 19:21 | Queue | Skirmisher |
| 19:28 | Research | Fletching |
| 19:28 | Research | Fletching |
| 19:41 | Queue | Villager (Male) |
| 19:50 | Build | Farm |
| 19:55 | Queue | Skirmisher |
| 20:04 | Queue | Villager (Male) |
| 20:09 | Research | Town Watch |
| 20:28 | Queue | Villager (Male) |
| 20:28 | Queue | Villager (Male) |
| 20:34 | Build | Farm |
| 20:37 | Queue | Archer |
| 20:47 | Queue | Villager (Male) |
| 21:06 | Queue | Archer |
| 21:20 | Queue | Archer |
| 21:23 | Build | House |
| 21:28 | Queue | Villager (Male) |
| 21:29 | Queue | Villager (Male) |
| 21:31 | Build | Farm |
| 21:40 | Queue | Archer |
| 22:21 | Queue | Villager (Male) |
| 22:48 | Queue | Villager (Male) |
| 23:11 | Queue | Villager (Male) |
| 23:26 | Queue | Archer |
| 23:35 | Queue | Villager (Male) |
| 23:40 | Build | Watch Tower |
| 24:05 | Queue | Skirmisher |
| 24:06 | Queue | Villager (Male) |
| 24:10 | Build | Lumber Camp |
| 24:12 | Build | House |
| 24:21 | Queue | Skirmisher |
| 24:49 | Queue | Villager (Male) |
| 24:51 | Build | House |
| 24:56 | Build | House |
| 24:59 | Build | Stone Wall |
| 25:11 | Build | Gate |
| 25:16 | Queue | Villager (Male) |
| 25:19 | Build | Farm |
| 25:21 | Build | Farm |
| 25:23 | Queue | Villager (Male) |
| 25:24 | Queue | Skirmisher |
| 25:46 | Queue | Skirmisher |
| 26:02 | Queue | Villager (Male) |
| 26:04 | Queue | Skirmisher |
| 26:08 | Build | Watch Tower |
| 26:27 | Queue | Villager (Male) |
| 26:28 | Queue | Skirmisher |
| 26:51 | Queue | Skirmisher |
| 26:54 | Queue | Villager (Male) |
| 26:57 | Build | Farm |
| 26:58 | Build | Farm |
| 27:03 | Build | Gate |
| 27:21 | Research | Padded Archer Armor |
| 27:21 | Research | Padded Archer Armor |
| 27:21 | Queue | Villager (Male) |
| 27:24 | Build | Farm |
| 27:27 | Build | Watch Tower |
| 27:29 | Build | Palisade Wall |
| 27:30 | Queue | Villager (Male) |
Build order — NHN Forever
141 actions detected in the replay
| 0:01 | Queue | Villager (Male) |
| 0:01 | Queue | Villager (Male) |
| 0:01 | Queue | Villager (Male) |
| 0:02 | Build | House |
| 0:04 | Build | House |
| 0:14 | Queue | Villager (Male) |
| 0:15 | Queue | Villager (Male) |
| 1:23 | Queue | Villager (Male) |
| 1:24 | Queue | Villager (Male) |
| 2:00 | Build | Lumber Camp |
| 2:01 | Queue | Villager (Male) |
| 2:02 | Queue | Villager (Male) |
| 2:13 | Queue | Villager (Male) |
| 2:54 | Queue | Villager (Male) |
| 2:54 | Queue | Villager (Male) |
| 3:07 | Queue | Villager (Male) |
| 3:08 | Queue | Villager (Male) |
| 3:32 | Queue | Villager (Male) |
| 3:32 | Queue | Villager (Male) |
| 3:58 | Build | Mill |
| 4:11 | Queue | Villager (Male) |
| 4:24 | Queue | Villager (Male) |
| 4:24 | Queue | Villager (Male) |
| 4:41 | Build | House |
| 4:51 | Research | Loom |
| 4:52 | Queue | Villager (Male) |
| 5:13 | Queue | Villager (Male) |
| 5:14 | Queue | Villager (Male) |
| 5:14 | Queue | Villager (Male) |
| 5:48 | Queue | Villager (Male) |
| 5:48 | Queue | Villager (Male) |
| 6:11 | Queue | Villager (Male) |
| 7:07 | Research | Feudal Age |
| 7:33 | Build | Mining Camp |
| 9:17 | Age | Feudal Age |
| 9:26 | Build | Watch Tower |
| 9:32 | Build | Barracks |
| 9:33 | Queue | Villager (Male) |
| 9:34 | Queue | Villager (Male) |
| 10:04 | Build | Blacksmith |
| 10:09 | Build | Outpost |
| 11:01 | Queue | Villager (Male) |
| 11:01 | Queue | Villager (Male) |
| 11:04 | Build | Archery Range |
| 11:43 | Queue | Villager (Male) |
| 11:58 | Queue | Archer |
| 11:59 | Queue | Archer |
| 11:59 | Queue | Archer |
| 12:46 | Build | House |
| 13:41 | Research | Fletching |
| 14:02 | Queue | Archer |
| 14:02 | Queue | Archer |
| 14:09 | Build | Outpost |
| 14:22 | Queue | Villager (Male) |
| 14:22 | Queue | Villager (Male) |
| 14:28 | Queue | Archer |
| 14:32 | Build | House |
| 15:20 | Queue | Archer |
| 15:20 | Queue | Archer |
| 15:24 | Queue | Villager (Male) |
| 15:24 | Queue | Villager (Male) |
| 15:48 | Queue | Archer |
| 15:48 | Queue | Archer |
| 16:10 | Build | House |
| 16:10 | Queue | Villager (Male) |
| 16:15 | Build | House |
| 16:30 | Queue | Villager (Male) |
| 16:30 | Queue | Villager (Male) |
| 16:43 | Queue | Archer |
| 16:43 | Queue | Archer |
| 16:57 | Build | Farm |
| 17:21 | Queue | Archer |
| 17:22 | Queue | Archer |
| 17:27 | Queue | Villager (Male) |
| 17:27 | Queue | Villager (Male) |
| 17:47 | Queue | Villager (Male) |
| 17:47 | Queue | Villager (Male) |
| 17:53 | Queue | Archer |
| 17:58 | Queue | Skirmisher |
| 17:59 | Queue | Skirmisher |
| 18:28 | Build | Farm |
| 19:02 | Build | Lumber Camp |
| 19:12 | Queue | Villager (Male) |
| 19:12 | Queue | Villager (Male) |
| 19:54 | Build | Farm |
| 20:06 | Queue | Archer |
| 20:07 | Queue | Archer |
| 20:37 | Build | House |
| 21:01 | Build | Farm |
| 21:04 | Build | Farm |
| 21:21 | Queue | Skirmisher |
| 21:58 | Queue | Villager (Male) |
| 22:11 | Queue | Skirmisher |
| 22:11 | Queue | Skirmisher |
| 22:11 | Queue | Skirmisher |
| 22:54 | Build | Farm |
| 23:49 | Queue | Villager (Male) |
| 24:22 | Queue | Villager (Male) |
| 24:39 | Queue | Villager (Male) |
| 25:28 | Queue | Villager (Male) |
| 25:28 | Queue | Villager (Male) |
| 26:06 | Queue | Villager (Male) |
| 26:06 | Queue | Villager (Male) |
| 26:55 | Queue | Villager (Male) |
| 26:56 | Queue | Villager (Male) |
| 26:58 | Build | Market |
| 27:11 | Build | Farm |
| 27:17 | Build | Farm |
| 27:27 | Queue | Villager (Male) |
| 27:27 | Queue | Villager (Male) |
| 27:42 | Build | Watch Tower |
| 28:10 | Queue | Archer |
| 28:11 | Queue | Archer |
| 28:12 | Queue | Villager (Male) |
| 28:12 | Queue | Villager (Male) |
| 28:45 | Build | Watch Tower |
| 28:49 | Queue | Villager (Male) |
| 28:59 | Build | Farm |
| 28:59 | Build | Farm |
| 29:00 | Queue | Villager (Male) |
| 29:30 | Queue | Villager (Male) |
| 29:32 | Build | Farm |
| 29:48 | Build | Farm |
| 29:48 | Queue | Villager (Male) |
| 29:49 | Queue | Villager (Male) |
| 29:51 | Build | Farm |
| 30:08 | Queue | Villager (Male) |
| 30:14 | Build | Farm |
| 30:24 | Queue | Villager (Male) |
| 30:36 | Build | House |
| 30:49 | Queue | Villager (Male) |
| 30:50 | Queue | Villager (Male) |
| 31:08 | Build | Farm |
| 31:22 | Research | Horse Collar |
| 31:24 | Build | Farm |
| 31:43 | Queue | Villager (Male) |
| 31:56 | Build | Farm |
| 32:19 | Build | Farm |
| 32:19 | Queue | Villager (Male) |
| 32:38 | Build | House |
| 32:56 | Research | Castle Age |
Match timeline
| 4:43 | __Chino · wall_segment Palisade Wall x1 |
| 5:30 | __Chino · first_building Barracks |
| 6:38 | __Chino · wall_segment Palisade Wall x1 |
| 6:41 | __Chino · wall_segment Palisade Wall x1 |
| 8:59 | __Chino · age_up feudal |
| 9:17 | NHN Forever · age_up feudal |
| 9:32 | NHN Forever · first_building Barracks |
| 11:04 | NHN Forever · first_building Archery Range |
| 13:10 | __Chino · first_building Archery Range |
| 13:33 | __Chino · wall_segment Palisade Wall x1 |
| 13:33 | __Chino · wall_segment Palisade Wall x1 |
| 13:33 | __Chino · wall_segment Palisade Wall x1 |
| 14:37 | __Chino · wall_segment Palisade Wall x1 |
| 16:42 | __Chino · wall_segment Palisade Wall x1 |
| 16:42 | __Chino · wall_segment Palisade Wall x1 |
| 16:43 | __Chino · wall_segment Palisade Wall x1 |
| 16:43 | __Chino · wall_segment Palisade Wall x1 |
| 16:44 | __Chino · wall_segment Palisade Wall x1 |
| 24:59 | __Chino · wall_segment Stone Wall x9 |
| 27:29 | __Chino · wall_segment Palisade Wall x1 |
| 27:39 | NHN Forever · first_market_buy 100 stone |
| 28:27 | __Chino · wall_segment Stone Wall x1 |
| 31:15 | __Chino · wall_segment Stone Wall x5 |
| 31:18 | __Chino · wall_segment Stone Wall x1 |
| 32:04 | __Chino · wall_segment Palisade Wall x1 |
| 32:48 | NHN Forever · first_market_sell 100 wood |
| 32:54 | __Chino · wall_segment Stone Wall x1 |
| 32:55 | __Chino · age_up castle |
| 33:03 | __Chino · first_building Castle |
| 33:22 | NHN Forever · resign |
[ AI ANALYSIS · 1 CREDIT ]
What really happened in this match?
Wolo.gg analyzes every decision: build order, eco, micro, common mistakes by bracket. Personalized analysis on WhatsApp or Discord in 30 seconds.
Civ guide
Vikings
Perfil
Jugador #3254820